 Dungeon Crawl Stone Soup version 0.25.1-2-g60ff931df9 (webtiles) character file.

Game seed: 16095051088006360438

1099 Martska the Covered (level 8, -1/71 HPs)
             Began as a Minotaur Fighter on Sept 29, 2020.
             Killed by divine providence
             ... invoked by an orc priest
              (16 damage)
             ... on level 8 of the Dungeon.
             The game lasted 00:05:18 (4073 turns).

Martska the Covered (Minotaur Fighter)              Turns: 4073, Time: 00:05:19

Health: -1/71      AC: 13    Str: 20    XL:     8   Next: 10%
Magic:  7/7        EV:  8    Int:  5    God:
Gold:   304        SH:  0    Dex: 13    Spells: 7/7 levels left

rFire    . . .     SeeInvis .   B - +0 battleaxe
rCold    . . .     Gourm    .   (shield currently unavailable)
rNeg     . . .     Faith    .   C - +0 plate armour
rPois    .         Spirit   .   (helmet restricted)
rElec    .         Reflect  .   (no cloak)
rCorr    .         Harm     .   (no gloves)
MR       .....                  (no boots)
Stlth    ..........             (no amulet)
HPRegen  0.21/turn              (no ring)
MPRegen  0.10/turn              (no ring)

@: slowed, very slow
A: retaliatory headbutt, horns 2
a: no special abilities


You were on level 8 of the Dungeon.
You were not hungry.

You visited 1 branch of the dungeon, and saw 6 of its levels.

You collected 304 gold pieces.

Inventory:

Hand Weapons
 a - a +0 war axe
 d - a +3 short sword
 A - a +1 flail of protection
 B - a +0 battleaxe (weapon)
Armour
 b - a +0 scale mail
 c - a +0 kite shield
 C - a +0 plate armour (worn)
Jewellery
 g - an uncursed ring of magical power {unknown}
 n - an uncursed amulet of guardian spirit {unknown}
 y - an uncursed ring of positive energy {unknown}
Scrolls
 e - 2 scrolls of magic mapping {unknown}
 i - 4 scrolls of identify {unknown}
 l - 3 scrolls of amnesia {unknown}
 m - 3 scrolls of teleportation {unknown}
 o - a scroll of immolation {unknown}
 q - a scroll of blinking {unknown}
 w - a scroll of remove curse {unknown}
 x - a scroll of fear {unknown}
Potions
 h - a potion of curing {unknown}
 j - 2 potions of degeneration {unknown}
 k - a potion of ambrosia {unknown}
 p - a potion of flight {unknown}
 r - a potion of mutation {unknown}
 s - a potion of lignification {unknown}
 t - a potion of haste {unknown}
 u - a potion of might
 v - a potion of brilliance {unknown}
 z - a potion of invisibility {unknown}
Comestibles
 f - 6 rations


   Skills:
 * Level 6.7 Fighting
 * Level 6.2 Axes
 * Level 6.7 Armour
 * Level 5.0 Dodging
 - Level 3.6 Shields


You had 7 spell levels left.
You didn't know any spells.
Your spell library contained the following spells:

 Spells                   Type           Power        Failure   Level  Hunger
 Shock                    Conj/Air       #...         100%        1    ##.....
 Swiftness                Chrm/Air       #.......     100%        2    ###....
 Static Discharge         Conj/Air       #.......     100%        3    ####...
 Airstrike                Air            #.........   100%        4    #####..
 Lightning Bolt           Conj/Air       #.........   100%        5    ######.


Dungeon Overview and Level Annotations

Branches:
Dungeon (5/15)
 Temple: D:4-7

Altars:
Dithmenos
Sif Muna
Xom

Annotations:
D:4 2 transporters, elguitar's ghost, amateur DEFE


Innate Abilities, Weirdness & Mutations

You reflexively headbutt those who attack you in melee.
You have a pair of horns on your head.


Message History

The orc is heavily wounded.
The orc barely misses you. The orc hits you but does no damage.
An orc priest comes into view. It is wielding a +0 mace.
You closely miss the orc.
The orc is heavily wounded.
The orc priest shouts!
The orc hits you but does no damage.
The orc priest calls down the wrath of Beogh upon you.
Beogh smites you!
The orc priest calls down the wrath of Beogh upon you.
Beogh smites you! The orc hits you with a +0 flail.
You slash the orc!
You kill the orc!
The orc priest mumbles some strange prayers to Beogh against you.
Beogh smites you!
* * * LOW HITPOINT WARNING * * *
The orc priest looks encouraged for a moment.
The orc priest calls down the wrath of Beogh upon you.
Beogh smites you!
You die...

#......... .... #....
... ...# # ##..# #.#
#..# .#
#...###.######..##...#
##...............'....#
.##....[.........# .#
..'........†...).##'####
..#..........)...)......
..#........####.@####...
.###.###.### #..##
.###.########..##
...#.......##.o
...'.......###.
..##..##... #. ..##..#
#### ..#...##..# #..##
..#........# #...+


You could see an orc priest.

Vanquished Creatures
  2 orc warriors (D:8)
  A phantom (D:4)
  2 scorpions
  3 wights (D:8)
  2 howler monkeys (D:4)
  A hound (D:4)
  An orc priest (D:3)
  A quasit (D:8)
  5 orc wizards
  3 worker ants (D:4)
  4 gnolls
  An adder (D:3)
  A shadow imp (D:5)
  An ooze (D:2)
  5 worms
  2 dart slugs
  6 leopard geckos
  31 orcs
  8 bats
  6 giant cockroaches
  14 goblins
  8 hobgoblins
  8 jackals
  A quokka (D:8)
  2 frilled lizards (D:2)
  5 kobolds
  11 rats
135 creatures vanquished.

Notes
Turn   | Place    | Note
-------+----------+-------------------------------------------
     0 | D:1      | Martska the Minotaur Fighter began the quest for the Orb.
     0 | D:1      | Reached XP level 1. HP: 19/19 MP: 0/0
    35 | D:1      | Reached XP level 2. HP: 27/27 MP: 1/1
   298 | D:1      | Reached skill level 1 in Dodging
   509 | D:1      | Reached XP level 3. HP: 33/33 MP: 2/2
   766 | D:1      | You fall into a shaft and drop 1 floor!
  1233 | D:2      | Reached XP level 4. HP: 38/40 MP: 3/3
  1314 | D:2      | Found a shimmering altar of Xom.
  1433 | D:2      | Found a shimmering altar of Xom.
  1444 | D:2      | Found a shimmering altar of Xom.
  1445 | D:2      | Found a shimmering altar of Xom.
  1447 | D:2      | Found a shimmering altar of Xom.
  1566 | D:2      | You fall into a shaft and drop 1 floor!
  1738 | D:3      | Reached XP level 5. HP: 25/47 MP: 4/4
  2457 | D:4      | Noticed a phantom
  2475 | D:4      | Killed a phantom
  2475 | D:4      | Reached skill level 5 in Fighting
  2475 | D:4      | Reached skill level 5 in Armour
  2475 | D:4      | Reached XP level 6. HP: 53/56 MP: 5/5
  2913 | D:4      | Reached skill level 5 in Axes
  2922 | D:4      | Reached XP level 7. HP: 46/62 MP: 6/6
  3216 | D:4      | Found a transporter.
  3218 | D:4      | Noticed elguitar's ghost (amateur DEFE)
  3223 | D:4      | Found a transporter.
  3239 | D:4      | Found a shimmering blue altar of Sif Muna.
  3470 | D:5      | Entered Level 5 of the Dungeon
  3609 | D:5      | You fall into a shaft and drop 3 floors!
  3652 | D:8      | Found a shadowy altar of Dithmenos.
  4038 | D:8      | Reached XP level 8. HP: 48/71 MP: 7/7
  4041 | D:8      | Reached skill level 5 in Dodging
  4073 | D:8      | Killed from afar by an orc priest

Illustrated notes

Levels and vault maps discovered:
D:1:      dpeg_arrival_simpleton_c, layout_basic
D:2:      minmay_chambers_of_ones, layout_loops_ring, xom_redecorated
D:3:      minmay_evil_eye, layout_basic, st_stairs_14
D:4:      kb_forest_paths, layout_basic, kennysheep_mini_moat, first_ration,
          gammafunk_ghost_smash
D:5:      minmay_diamond_boxcup, layout_basic
D:8:      lemuel_ice_statue, layout_gridville, makhleb_altar_promises_db,
          basic_altar, lightli_orcish_oven

Skill      XL: |  1  2  3  4  5  6  7  8 |
---------------+-------------------------+-----
Dodging        | 1 2 3 4 5 |  5.0
Fighting       | 4 5 6 |  6.7
Axes           | 3 4 5 6 |  6.2
Armour         | 4 5 6 |  6.7
Shields        | |  3.6

Action                   |  1- 3 |  4- 6 |  7- 9 || total
-------------------------+-------+-------+-------++-------
Melee: War axe           |   109 |   120 |   100 ||   329
       Headbutt          |    15 |    16 |    21 ||    52
       Battleaxe         |       |       |     4 ||     4
  Use: Potion            |       |     1 |     1 ||     2
  Eat: Chunk             |     1 |     6 |     2 ||     9
       Ration            |       |       |     1 ||     1
Armor: Scale mail        |    40 |    51 |    33 ||   124
       Plate armour      |       |       |     6 ||     6
Dodge: Dodged            |    43 |    52 |    32 ||   127
Block: Kite shield       |    65 |    66 |    40 ||   171
